 Dungeon Crawl Stone Soup version 0.22.1-1-ga44c0e56f4 (webtiles) character file.

123 MrBoozer the Cudgeler (level 5, -6/41 HPs)
             Began as a Human Berserker on Oct 3, 2018.
             Was a Believer of Trog (penitent).
             Mangled by a black bear (9 damage)
             ... created by the rage of Trog
             ... on level 3 of the Dungeon.
             The game lasted 00:37:53 (2096 turns).

MrBoozer the Cudgeler (Human Berserker)             Turns: 2096, Time: 00:38:02

Health: -6/41      AC: 13    Str: 18    XL:     5   Next: 28%
Magic:  5/5        EV:  6    Int: 11    God:    Trog [*]
Gold:   79         SH:  3    Dex: 12    Spells: 1/4 levels left

rFire    . . .     SeeInvis .   a - +2 mace
rCold    . . .     Gourm    .   (no shield)
rNeg     . . .     Faith    .   s - +1 plate armour
rPois    .         Spirit   .   r - +0 helmet
rElec    .         Reflect  +   (no cloak)
rCorr    .         Harm     .   (no gloves)
MR       .....                  (no boots)
Stlth    ..........             q - +3 amulet of reflection
HPRegen  0.13/turn              j - +3 ring of intelligence
MPRegen  0.09/turn              (no ring)

@: no status effects
A: no striking features
a: Renounce Religion


You were on level 3 of the Dungeon.
You worshipped Trog.
Trog was demanding penance.
You were not hungry.

You visited 1 branch of the dungeon, and saw 3 of its levels.

You collected 79 gold pieces.

Inventory:

Hand Weapons
 a - a +2 mace (weapon)
 l - a +0 hunting sling
Missiles
 d - 131 stones
 h - 28 poisoned needles (quivered)
 m - 12 arrows
 n - 26 sling bullets
Armour
 b - a +0 animal skin
 r - a +0 helmet (worn)
 s - a +1 plate armour (worn)
Jewellery
 j - a +3 ring of intelligence (left hand)
 q - a +3 amulet of reflection (around neck)
Wands
 p - a wand of disintegration (15)
Scrolls
 t - a scroll of identify
Potions
 e - 2 potions of magic {unknown}
 f - a potion of flight {unknown}
 g - 2 potions of agility
 i - a potion of mutation {unknown}
 k - a potion of brilliance {unknown}
Comestibles
 c - 8 rations
 o - 5 chunks of flesh


   Skills:
 + Level 3.5 Fighting
 * Level 4.2 Maces & Flails
 + Level 1.1(1.3) Slings
 + Level 0.7(1.1) Throwing
 * Level 2.5 Armour
 + Level 2.3 Dodging
 + Level 0.8 Stealth


You had one spell level left.
You knew the following spells:

 Your Spells              Type           Power        Failure   Level  Hunger
a - Magic Dart            Conj           #...         100%        1    ##.....
b - Call Imp              Summ           #.......     100%        2    ###....

Your spell library contained the following spells:

 Spells                   Type           Power        Failure   Level  Hunger
 Blink                    Tloc           N/A          100%        2    ###....
 Slow                     Hex            #.......     100%        2    ###....
 Conjure Flame            Conj/Fire      #.......     100%        3    ####...
 Mephitic Cloud           Conj/Pois/Air  #.......     100%        3    ####...


Dungeon Overview and Level Annotations

Branches:
Dungeon (3/15)

Altars:

Annotations:
D:2 Natasha


Message History

The crimson imp hits you but does no damage.
You hit the crimson imp.
You kill the crimson imp!
Trog accepts your kill.
Your Maces & Flails skill increases to level 4!
Your Slings skill increases to level 1!
You have reached level 5!
The polar bear bites you but does no damage.
The polar bear claws you but does no damage. x2
The polar bear barely misses you.
The polar bear claws you but does no damage.
The polar bear barely misses you.
d - 131 stones (gained 20)
The polar bear bites you! The polar bear barely misses you. x2
The polar bear bites you!
* * * LOW HITPOINT WARNING * * *
The polar bear claws you.
* * * LOW HITPOINT WARNING * * *
You block the polar bear's attack. The black bear bites you!
You die...

############
#..<....<..########
#.########.(...h@h#
ยง.. ########h#
..## #h# ###
#####.#
###.....########
...............#
###.##########[# ..
#.# ## #.#


You could see 3 polar bears and a black bear (berserk).

Vanquished Creatures
  A crimson imp (D:3)
  Robin (D:2)
  An adder (D:3)
  A worm (D:1)
  2 dart slugs (D:2)
  4 orcs (D:3)
  4 bats (D:2)
  3 giant cockroaches (D:2)
  10 goblins
  12 hobgoblins
  5 kobolds
  5 frilled lizards
  3 rats
52 creatures vanquished.

Notes
Turn   | Place    | Note
-------+----------+-------------------------------------------
     0 | D:1      | MrBoozer the Human Berserker began the quest for the Orb.
     0 | D:1      | Reached XP level 1. HP: 18/18 MP: 1/1
   125 | D:1      | Reached XP level 2. HP: 11/24 MP: 2/2
   651 | D:1      | Reached XP level 3. HP: 27/29 MP: 3/3
   987 | D:2      | Reached ** piety under Trog
  1143 | D:2      | Noticed Robin
  1172 | D:2      | Killed Robin
  1174 | D:2      | Reached XP level 4. HP: 35/35 MP: 4/4
  1365 | D:2      | Noticed Natasha
  1438 | D:2      | Was placed under penance by Trog
  1440 | D:2      | Learned a level 1 spell: Magic Dart
  1445 | D:2      | Learned a level 2 spell: Call Imp
  2094 | D:3      | Noticed a black bear
  2094 | D:3      | Noticed a polar bear
  2094 | D:3      | Noticed a polar bear
  2094 | D:3      | Noticed a polar bear
  2095 | D:3      | Reached skill level 4 in Maces & Flails
  2095 | D:3      | Reached skill level 1 in Slings
  2095 | D:3      | Reached XP level 5. HP: 37/41 MP: 5/5
  2096 | D:3      | Mangled by a black bear

Skill      XL: |  1  2  3  4 |
---------------+-------------+-----
Maces & Flails | 4 |  4.2
Slings         | 1 |  1.1
Fighting       | |  3.5
Throwing       | |  0.7
Armour         | |  2.5
Dodging        | |  2.3
Stealth        | |  0.8

Action                   |  1- 3 |  4- 6 || total
-------------------------+-------+-------++-------
Melee: Mace              |    61 |    78 ||   139
       Hunting sling     |     1 |       ||     1
 Fire: Hunting sling     |    21 |     5 ||    26
Throw: Stone             |    25 |     5 ||    30
Invok: Berserk           |     1 |       ||     1
  Use: Potion            |     1 |       ||     1
       Scroll            |     2 |     5 ||     7
  Eat: Ration            |       |     1 ||     1
       Chunk             |       |     1 ||     1
Armor: Animal skin       |    12 |     1 ||    13
       Plate armour      |       |    81 ||    81
Dodge: Dodged            |    48 |    40 ||    88
Block: Other             |     1 |    12 ||    13
       Reflection        |       |     1 ||     1
